 Dungeon Crawl Stone Soup version 0.30-a0-718-geaa24f58ff (webtiles) character file.

Game seed: 16144185741772242072

4895 hikkokomori the Trooper (level 10, -9/56 HPs)
             Began as a Vine Stalker Fighter on Jan 26, 2023.
             Was an Elder of Okawaru.
             Killed from afar by an electric eel (13 damage)
             ... with a bolt of electricity
             ... on level 9 of the Dungeon.
             The game lasted 00:10:47 (7732 turns).

hikkokomori the Trooper (Vine Stalker Fighter)      Turns: 7732, Time: 00:10:47

Health: -9/56      AC: 12    Str: 21    XL:     10   Next: 51%
Magic:  0/15       EV: 10    Int:  8    God:    Okawaru [****..]
Gold:   362        SH:  6    Dex: 22    Spells: 9/9 levels left

rFire   + . .      SeeInvis .    I - +2 whip (freeze)
rCold   . . .      Faith    .    c - +0 buckler
rNeg    . . .      Spirit   +    P - +2 ring mail {rPois}
rPois   +          Reflect  .    i - +0 helmet
rElec   .          Harm     .    H - +0 cloak
rCorr   .          Rampage  .    e - +0 pair of gloves
Will    +....                    q - +0 pair of boots
Stlth   +++                      (no amulet)
HPRegen 1.09/turn                K - +6 ring of dexterity
MPRegen 0.14/turn                N - ring of protection from fire

@: invisible
A: fangs 3, regeneration 1, magic shield, antimagic bite, no potion heal 2
a: Renounce Religion, Heroism, Finesse


You were on level 9 of the Dungeon.
You worshipped Okawaru.
Okawaru was greatly pleased with you.
You visited 2 branches of the dungeon, and saw 10 of its levels.

You collected 362 gold pieces.

Inventory:

Hand Weapons
 a - a +0 flail
 I - a +2 whip of freezing (weapon)
 R - a +3 mace of freezing
Missiles
 J - a throwing net (quivered)
Armour
 b - a +0 scale mail
 c - a +0 buckler (worn)
 e - a +0 pair of gloves (worn)
 i - a +0 helmet (worn)
 q - a +0 pair of boots (worn)
 H - a +0 cloak (worn)
 L - a scarf of harm
 M - a +1 hat
 P - a +2 ring mail of poison resistance (worn)
Jewellery
 K - a +6 ring of dexterity (left hand)
 N - a ring of protection from fire (right hand)
Wands
 d - a wand of quicksilver (19)
 p - a wand of roots (15)
 C - a wand of mindburst (13)
 E - a wand of polymorph (11)
Scrolls
 g - 2 scrolls of brand weapon {unknown}
 h - a scroll of fog {unknown}
 j - 2 scrolls of fear {unknown}
 k - a scroll of immolation {unknown}
 l - 2 scrolls of enchant armour {unknown}
 m - 3 scrolls of magic mapping {unknown}
 s - a scroll of amnesia {unknown}
 t - a scroll of silence {unknown}
 u - 2 scrolls of vulnerability {unknown}
 w - 2 scrolls of enchant weapon {unknown}
 y - a scroll of summoning {unknown}
 D - 3 scrolls of teleportation
 O - a scroll of torment {unknown}
Potions
 f - 2 potions of degeneration
 n - 2 potions of cancellation
 o - 3 potions of curing
 r - 3 potions of haste
 v - a potion of ambrosia {unknown}
 x - a potion of lignification
 A - a potion of flight
 B - a potion of brilliance
 F - 2 potions of heal wounds
 G - 2 potions of might
 Q - 2 potions of attraction {unknown}


   Skills:
 + Level 7.8 Fighting
 + Level 7.5 Maces & Flails
 - Level 2.5 Armour
 - Level 7.0 Stealth
 - Level 5.8 Shields
 + Level 5.4 Invocations
 + Level 2.6 Evocations


You had 9 spell levels left.
You didn't know any spells.
Your spell library contained the following spells:

 Spells                   Type           Power      Damage    Failure   Level
 Ozocubu's Armour         Ice            0%         N/A       95%         3
 Fireball                 Conj/Fire      0%         3d3       100%        5
 Iskenderun's Battlesphe  Conj           0%         2d6       100%        5
 Metabolic Englaciation   Hex/Ice        0%         N/A       100%        5
 Conjure Ball Lightning   Conj/Air       0%         3x3d6     100%        6
 Orb of Destruction       Conj           0%         9d5       100%        7
 Ozocubu's Refrigeration  Ice            0%         4d7       100%        7
 Simulacrum               Ice/Necr       Unusable   N/A       N/A         6

Dungeon Overview and Level Annotations

Branches:
Dungeon (9/15)             Temple (1/1) D:5
   Lair: D:8-11         Orc: D:9-12

Altars:
Ashenzari
Cheibriados
Dithmenos
Elyvilon
Fedhas
Gozag
Hepliaklqana
Kikubaaqudgha
Makhleb
Nemelex Xobeh
Okawaru
Qazlal
Ru
Sif Muna
Trog
Uskayaw
Vehumet
Wu Jian
Xom
Yredelemnul
Zin
The Shining One

Annotations:
D:8 2 transporters


Innate Abilities, Weirdness & Mutations

You have razor-sharp teeth.
Your natural rate of healing is unusually fast.
When hurt, damage is shared between your health and your magic reserves.
Your bite disrupts and absorbs the magic of your enemies.
Potions cannot restore your health.


Message History

You feel invigorated.
The yak is moderately wounded.
You hit the yak. You freeze the yak.
The yak is heavily wounded.
The yak gores you but does no damage.
You hit the yak. You freeze the yak. You bite the yak!
You kill the yak!
Okawaru accepts your kill.
You can now speed up your combat.
You see here a yak corpse.
The electric eel shoots out a bolt of lightning at you!
The bolt of electricity hits you!
Things that are here:
a +0 short sword; 6 poisoned darts
Found 3 stones and 19 gold pieces.
The electric eel shoots out a bolt of lightning at you!
The bolt of electricity misses you.
An electric eel comes into view.
The electric eel shoots out a bolt of lightning at you!
The bolt of electricity misses you.
The electric eel shoots out a bolt of lightning at you!
The bolt of electricity hits you! x2
The electric eel shoots out a bolt of lightning at you!
The bolt of electricity hits you.
* * * LOW HITPOINT WARNING * * *
The electric eel shoots out a bolt of lightning at you!
The bolt of electricity hits you.
* * * LOW HITPOINT WARNING * * *
You barely miss the electric eel. Your bite misses the electric eel.
The electric eel is severely wounded.
The electric eel shoots out a bolt of lightning at you!
The bolt of electricity hits you.
* * * LOW HITPOINT WARNING * * *
The electric eel shoots out a bolt of lightning at you!
The bolt of electricity hits you!
* * * LOW HITPOINT WARNING * * *
Okay, then.
You fade into invisibility!
You feel like a meek peon again.
The electric eel shoots out a bolt of lightning at you!
The bolt of electricity hits you!
You die...

...$~~....##.##....##
......~~.........#.##
..~~....~.)##.######
.~..~S..~..##†#
.~....~~...##†#
..~~⌠.......).#
...⌠~~......###
~~....S....##
..~~..~@...#
....~~.....#
~~.........#
.~~.(......#
#~~~~~~###.# ##~~~~#
### #####


You could see 2 electric eels.

Vanquished Creatures
  Pikel (D:4)
  Sigmund (D:3)
  6 yaks (D:9)
  A steam dragon (D:7)
  Eustachio (D:4)
  2 wyverns (D:7)
  2 water moccasins
  An orc warrior (D:7)
  4 ice beasts
  An ogre (D:6)
  2 centaurs
  A phantom (D:5)
  3 lemures (D:4)
  5 bullfrogs
  2 kobold brigands
  3 necrophages
  5 wights
  3 killer bees (D:8)
  A howler monkey (D:7)
  A gnoll bouda (D:5)
  2 hounds (D:6)
  4 jellies
  5 orc priests
  3 iguanas
  3 orc wizards
  5 gnolls
  5 adders
  2 shadow imps (D:6)
  A white imp (D:5)
  5 ufetubi
  2 worms
  5 dart slugs
  28 orcs
  4 bats
  12 endoplasms
  2 giant cockroaches (D:2)
  8 goblins
  9 hobgoblins
  4 quokkas
  11 ball pythons
  5 frilled lizards
  8 kobolds
  6 rats
185 creatures vanquished.

Notes
Turn   | Place    | Note
-------+----------+-------------------------------------------
     0 | D:1      | hikkokomori the Vine Stalker Fighter began the quest for
                  | the Orb.
     0 | D:1      | Reached XP level 1. HP: 11/11 MP: 2/2
   157 | D:1      | Reached XP level 2. HP: 15/16 MP: 3/3
   362 | D:1      | Reached XP level 3. HP: 19/19 MP: 4/4
   370 | D:1      | Reached skill level 1 in Stealth
   941 | D:2      | Gained mutation: Your natural rate of healing is unusually
                  | fast. [Vine Stalker growth]
   941 | D:2      | Reached XP level 4. HP: 24/24 MP: 5/5
  2235 | D:3      | Noticed Sigmund
  2306 | D:3      | Killed Sigmund
  2307 | D:3      | Reached XP level 5. HP: 29/29 MP: 4/6
  2307 | D:3      | Reached XP level 6. HP: 33/33 MP: 4/7
  2617 | D:3      | Found a faded altar of an unknown god.
  2872 | D:4      | Noticed Pikel
  3022 | D:4      | Killed Pikel
  3023 | D:4      | Reached skill level 5 in Stealth
  3023 | D:4      | Reached XP level 7. HP: 11/38 MP: 1/8
  3224 | D:4      | Noticed Eustachio
  3237 | D:4      | Killed Eustachio
  3238 | D:4      | Gained mutation: You have razor-sharp teeth. [Vine Stalker
                  | growth]
  3238 | D:4      | Reached XP level 8. HP: 13/42 MP: 2/9
  3927 | D:5      | Entered Level 5 of the Dungeon
  4006 | D:5      | Reached skill level 5 in Fighting
  4006 | D:5      | Reached skill level 5 in Shields
  4090 | D:5      | Found a staircase to the Ecumenical Temple.
  4109 | Temple   | Entered the Ecumenical Temple
  4127 | Temple   | Became a worshipper of Warmaster Okawaru
  4209 | D:5      | HP: 2/43 [gnoll/+0 halberd[a gnoll bouda] (3)]
  4214 | D:4      | HP: 2/43 [gnoll/+0 whip[a gnoll bouda] (1)]
  4406 | D:5      | Reached skill level 5 in Maces & Flails
  4780 | D:6      | Reached * piety under Okawaru
  4781 | D:6      | Found a shimmering blue altar of Sif Muna.
  4953 | D:6      | Reached XP level 9. HP: 23/48 MP: 3/10
  5251 | D:6      | Found a shimmering altar of Xom.
  5993 | D:7      | Reached skill level 1 in Invocations
  6189 | D:7      | Reached ** piety under Okawaru
  7015 | D:8      | Reached *** piety under Okawaru
  7048 | D:8      | Found a transporter.
  7069 | D:8      | Found a transporter.
  7075 | D:8      | Found a transporter.
  7082 | D:8      | Found a transporter.
  7156 | D:8      | Reached XP level 10. HP: 55/55 MP: 14/14
  7214 | D:8      | Found a hazy altar of Hepliaklqana.
  7254 | D:8      | Reached skill level 1 in Evocations
  7692 | D:9      | Reached skill level 5 in Invocations
  7723 | D:9      | Reached **** piety under Okawaru
  7731 | D:9      | HP: 2/56 [electric eel/bolt of electricity (6)]
  7732 | D:9      | Killed from afar by an electric eel

Illustrated notes

Levels and vault maps discovered:
D:1:      saegor_arrival_simple_c, layout_loops_ring
D:2:      layout_basic, minmay_mini_jars
D:3:      layout_basic, basic_ecumenical_altar, kennysheep_doodads, uniq_sigmund
D:4:      layout_basic, uniq_eustachio, uniq_pikel
D:5:      layout_cave_pools, minmay_temple_entry_poolview, serial_column_ruins,
          column_ruins_open_tiny, column_ruins_columns_corner,
          column_ruins_columns_dead_end, st_stairs_4,
          hangedman_abyss_or_decor_slice
D:6:      layout_basic, mainiacjoe_overflow_brackets,
          nicolae_overflow_crystal_walls, eino_tiny_chamber
D:7:      minmay_s_stair_smasher, layout_basic, chequers_serial_rivers_room_b
D:8:      layout_basic, mainiacjoe_overflow_catwalk, st_stairs_6,
          nicolae_diode_intersection
D:9:      cheibrodos_helix_gallery, layout_loops_cross, david_lair_shrubbed,
          orc_0_dummy
Temple:   hellmonk_temple_of_storms

Skill      XL: |  1  2  3  4  5  6  7  8  9 10 |
---------------+-------------------------------+-----
Maces & Flails | 2 3 4 5 6 7 |  7.5
Shields        | 3 4 5 |  5.8
Fighting       | 3 4 5 7 |  7.8
Stealth        | 1 3 5 7 |  7.0
Invocations    | 4 5 |  5.4
Evocations     | 2 |  2.6
Armour         | |  2.5

Action                     |  1- 3 |  4- 6 |  7- 9 | 10-12 || total
---------------------------+-------+-------+-------+-------++-------
  Melee: Flail             |    92 |   191 |   102 |       ||   385
         Bite              |    20 |    39 |    97 |    48 ||   204
         Whip              |       |       |   211 |   103 ||   314
 Invoke: Heroism           |       |       |       |     1 ||     1
  Evoke: Wand              |       |       |     2 |     1 ||     3
    Use: Scroll            |       |     3 |     7 |       ||    10
         Potion            |       |     1 |     2 |     1 ||     4
   Stab: Sleeping          |       |       |     6 |       ||     6
 Armour: Scale mail        |    36 |    86 |   141 |       ||   263
         Ring mail         |       |       |    12 |    30 ||    42
  Dodge: Dodged            |    33 |    86 |   144 |    32 ||   295
  Block: Buckler           |    24 |    52 |    88 |    22 ||   186

Table legend: (Time is in decaauts)
 A = Elapsed time spent in this place.
 B = Non-inter-level travel time spent in this place.
 C = Inter-level travel time spent in this place.
 D = Time resting spent in this place.
 E = Time spent auto-exploring this place.
 F = Levels seen in this place.
 G = Mean time per level.
                   A        B        C        D        E       F      G
               +--------+--------+--------+--------+--------+-----+--------+
         Total |   7775 |   7238 |    537 |      2 |   5686 |  10 |  777.5 |
       Dungeon |   7726 |   7189 |    537 |      2 |   5668 |   9 |  858.4 |
        Temple |     49 |     49 |      0 |      0 |     18 |   1 |   49.0 |
               +--------+--------+--------+--------+--------+-----+--------+

Top non-repeatable levels by time:
     D:2: 1442 daAuts
     D:4: 1393 daAuts
     D:6: 1210 daAuts
     D:7: 895 daAuts
     D:1: 697 daAuts
     D:5: 642 daAuts
     D:8: 622 daAuts
     D:3: 619 daAuts
     D:9: 204 daAuts
  Temple: 49 daAuts
